 Dungeon Sprint DCSS version 0.17-a0-1718-g72dbe4d (webtiles) character file.

18100000 ztt the Axe Maniac (level 27, -92/273 HPs)
             Began as a Ghoul Gladiator on Aug 25, 2015.
             Was the Champion of Makhleb.
             Annihilated by a fleshlord
             ... wielding a +9 great mace
              (103 damage)
             ... in the Dungeon (Sprint VIII: "Arena of Blood").
             The game lasted 00:03:28 (181 turns).

ztt the Axe Maniac (Ghoul Gladiator)                 Turns: 181, Time: 00:03:29

Health: -92/273    AC:  8    Str: 32    XL:     27
Magic:  53/53      EV: 23    Int:  3    God:    Makhleb [******]
Gold:   0          SH:  0    Dex:  9    Spells: 0 memorised, 80 levels left

rFire  . . .     SeeInvis +     l - +∞ Axe of Woe
rCold  + . .     Clarity  .     b - +0 leather armour
rNeg   + + +     SustAt   .     (no shield)
rPois  ∞         Gourm    .     c - +0 helmet
rElec  .         Spirit   .     (no cloak)
rCorr  .         Warding  .     (no gloves)
rMut   .         NoTele   +     (no boots)
MR     ++...                    (no amulet)
Stlth  +++++++++.               (no ring)
                                m - ring of see invisible

@: rotting, slowed, very slow, very resistant to hostile enchantments,
incredibly stealthy
A: rotting body, claws 1, carnivore 3, cold resistance 1, negative energy
resistance 3, slow healing 1, torment resistance, unbreathing
a: Minor Destruction, Lesser Servant of Makhleb, Major Destruction, Greater
Servant of Makhleb, Renounce Religion


You were in the Dungeon.
You worshipped Makhleb.
Makhleb was exalted by your worship.
You were not hungry.

You visited 1 branch

Inventory:

Hand weapons
 a - a +0 war axe
 l - the +∞ Axe of Woe (weapon)
   (You found it in the Dungeon)
Missiles
 d - 3 throwing nets (quivered)
Armour
 b - a +0 leather armour (worn)
 c - a +0 helmet (worn)
Jewellery
 m - a ring of see invisible (left claw)
Scrolls
 k - a scroll of blinking
Potions
 f - a potion of curing
 g - a potion of heal wounds
 h - a potion of haste
 i - 2 potions of magic
 j - a potion of berserk rage
Comestibles
 e - a meat ration


   Skills:
 O Level 27 Fighting
 O Level 27 Axes
 O Level 27 Throwing
 O Level 27 Armour
 O Level 27 Dodging
 O Level 27 Stealth
 O Level 27 Unarmed Combat
 O Level 27 Spellcasting
 O Level 27 Invocations


You had 80 spell levels left.
You didn't know any spells.

Dungeon Overview and Level Annotations

Branches:
Dungeon (1/1)

Altars:
Makhleb


Innate Abilities, Weirdness & Mutations

Your body is rotting away.
You thrive on raw meat.
You are immune to poison.
You have sharp fingernails.
You are carnivorous and can eat meat at any time.
Your flesh is cold resistant.
You are immune to negative energy.
You heal slowly when monsters are visible.
You are immune to unholy pain and torment.
You can survive without breathing.


Message History

You hear a shout! x3
An accursed comes into view.
Things that are here:
a +9 war axe; a +30 ring of slaying Unknown command.
Unknown command.
You hear a shout! x6
The fleshlord is engulfed in poison gas.
The fleshlord is poisoned.
You hear a shout! x2
The observer gazes at you. Something smites you!
* * * LOW HITPOINT WARNING * * *
You hear a shout! x3
The observer bites you!
* * * LOW HITPOINT WARNING * * *
The fleshlord is engulfed in poison gas.
The fleshlord looks even sicker.
The fleshlord hits you with a +9 great mace!!!!
You die...

.<._#......
....#.....o#.#.#.... ...#
._.......W.M....... ....#
###.........#.#.#..#....#
.)...###....D.....#.....#
%).).#........WG...#....#
...).#.%%.....O.p§#.....#
...))..%......GGp§§.....#
%.)))....#...#..@§§§##..#
..).).§.#....#..§))##...#
..))))##))...#..§§)#)...#
))))§#.)))..#....##)....#
.).))#.))###....#.......#
.)..).)))..)..#.).......#
.))....))%...........####
.....####%%%......####
.))).%.#.%.%)..####


You could see an accursed (wandering), an eight-headed meat hydra, 3 observers,
2 fleshlords, 2 dreads, a meat berserker (berserk) and a bag of meat
(wandering).

Vanquished Creatures
  9 hell knights (D)
  6 hell beasts (D)
  6 greater mummies (D)
  5 great orbs of eyes (D)
  10 wraiths (D)
  10 vampire knights (D)
  26 ogres (D)
  4 liches (D)
  3 hydras (D)
  56 orcs (D)
  12 phantoms (D)
  5 hill giants (D)
  4 skeletal warriors (D)
  4 sea snakes (D)
  5 large abominations (D)
  10 small abominations (D)
  10 crawling corpses (D)
185 creatures vanquished.

Vanquished Creatures (others)
  4 crawling corpses (D)
4 creatures vanquished.

Grand Total: 189 creatures vanquished

Notes
Turn   | Place    | Note
--------------------------------------------------------------
     0 | D        | ztt the Ghoul Gladiator began the quest for the Orb.
     0 | D        | Reached XP level 1. HP: 17/17 MP: 0/0
     3 | D        | Noticed a bag of meat
     3 | D        | Became a worshipper of Makhleb the Destroyer
     5 | D        | Noticed a bag of meat
     6 | D        | Noticed a bag of meat
     6 | D        | Noticed a bag of meat
     7 | D        | Noticed a bag of meat
     7 | D        | Noticed a bag of meat
     7 | D        | Noticed a bag of meat
     8 | D        | Noticed a bag of meat
     8 | D        | Killed a bag of meat
     8 | D        | Reached skill level 11 in Fighting
     8 | D        | Reached skill level 16 in Axes
     8 | D        | Reached XP level 2. HP: 20/40 MP: 1/1
     8 | D        | Reached XP level 3. HP: 23/47 MP: 2/2
     8 | D        | Reached XP level 4. HP: 26/55 MP: 3/3
     8 | D        | Reached XP level 5. HP: 28/60 MP: 4/4
     8 | D        | Reached XP level 6. HP: 31/68 MP: 5/5
     8 | D        | Reached XP level 7. HP: 33/74 MP: 6/6
     8 | D        | Reached XP level 8. HP: 36/82 MP: 7/7
     8 | D        | Reached XP level 9. HP: 39/89 MP: 8/8
     8 | D        | Reached XP level 10. HP: 41/95 MP: 9/9
     8 | D        | Reached XP level 11. HP: 44/102 MP: 10/10
     8 | D        | Reached XP level 12. HP: 47/110 MP: 11/11
     8 | D        | Killed a bag of meat
     8 | D        | Acquired Makhleb's first power
     8 | D        | Reached skill level 19 in Axes
     8 | D        | Reached skill level 10 in Throwing
     8 | D        | Reached XP level 13. HP: 49/119 MP: 12/12
     9 | D        | Noticed a meat berserker
     9 | D        | Noticed a bag of meat
     9 | D        | Killed a bag of meat
     9 | D        | Reached skill level 20 in Axes
     9 | D        | Reached XP level 14. HP: 109/132 MP: 13/13
     9 | D        | Killed a bag of meat
     9 | D        | Acquired Makhleb's second power
     9 | D        | Reached skill level 15 in Fighting
     9 | D        | Reached skill level 21 in Axes
    10 | D        | Noticed a bag of meat
    10 | D        | Noticed a bag of meat
    11 | D        | Killed a bag of meat
    11 | D        | Reached skill level 22 in Axes
    11 | D        | Reached XP level 15. HP: 126/143 MP: 14/14
    11 | D        | Killed a bag of meat
    11 | D        | Acquired Makhleb's third power
    11 | D        | Reached skill level 23 in Axes
    12 | D        | Noticed a bag of meat
    12 | D        | Noticed a meat berserker
    13 | D        | Killed a bag of meat
    13 | D        | Reached skill level 24 in Axes
    13 | D        | Reached XP level 16. HP: 153/157 MP: 15/15
    13 | D        | Killed a meat berserker
    13 | D        | Reached skill level 26 in Axes
    14 | D        | Noticed a bag of meat
    14 | D        | Noticed a bag of meat
    14 | D        | Noticed a bag of meat
    14 | D        | Noticed a bag of meat
    14 | D        | Noticed a large bag of meat
    14 | D        | Noticed a large bag of meat
    15 | D        | Noticed a bag of meat
    15 | D        | Noticed a meat berserker
    15 | D        | Killed a meat berserker
    15 | D        | Acquired Makhleb's fourth power
    15 | D        | Reached skill level 27 in Axes
    15 | D        | Reached skill level 27 in Dodging
    15 | D        | Reached XP level 17. HP: 168/178 MP: 16/16
    15 | D        | Killed a bag of meat
    17 | D        | Killed a bag of meat
    17 | D        | Reached XP level 18. HP: 190/198 MP: 17/17
    17 | D        | Killed a bag of meat
    17 | D        | Acquired Makhleb's fifth power
    17 | D        | Reached skill level 27 in Fighting
    19 | D        | Noticed a bag of meat
    19 | D        | Noticed a meat berserker
    19 | D        | Noticed a meat berserker
    19 | D        | Killed a bag of meat
    19 | D        | Killed a bag of meat
    19 | D        | Killed a large bag of meat
    19 | D        | Reached skill level 27 in Throwing
    19 | D        | Reached XP level 19. HP: 188/207 MP: 18/18
    19 | D        | Killed a bag of meat
    19 | D        | Reached skill level 15 in Armour
    20 | D        | Killed a large bag of meat
    20 | D        | Killed a bag of meat
    20 | D        | Killed a bag of meat
    21 | D        | Noticed a bag of meat
    21 | D        | Noticed a bag of meat
    21 | D        | Killed a meat berserker
    21 | D        | Reached XP level 20. HP: 216/216 MP: 19/19
    21 | D        | Killed a bag of meat
    21 | D        | Reached skill level 27 in Armour
    21 | D        | Killed a bag of meat
    22 | D        | Noticed a bag of meat
    22 | D        | Noticed a large bag of meat
    23 | D        | Noticed a bag of meat
    23 | D        | Killed a meat berserker
    23 | D        | Reached skill level 10 in Spellcasting
    23 | D        | Killed a bag of meat
    23 | D        | Reached skill level 15 in Unarmed Combat
    23 | D        | Reached skill level 15 in Invocations
    23 | D        | Reached XP level 21. HP: 224/224 MP: 19/36
    24 | D        | Noticed a meat berserker
    24 | D        | Killed a meat berserker
    25 | D        | Noticed a bag of meat
    26 | D        | Killed a bag of meat
    26 | D        | Reached skill level 15 in Spellcasting
    28 | D        | Noticed a meat berserker
    29 | D        | Killed a bag of meat
    29 | D        | Killed a bag of meat
    29 | D        | Reached XP level 22. HP: 233/233 MP: 20/42
    30 | D        | Noticed a destroyer
    30 | D        | Killed a large bag of meat
    30 | D        | Noticed an eight-headed meat hydra
    31 | D        | Noticed a bag of meat
    32 | D        | Noticed a bag of meat
    32 | D        | Noticed a destroyer
    33 | D        | Noticed a bag of meat
    33 | D        | Killed a bag of meat
    33 | D        | Killed a meat berserker
    34 | D        | Killed a meat berserker
    34 | D        | Reached skill level 27 in Stealth
    34 | D        | Reached XP level 23. HP: 240/240 MP: 21/47
    35 | D        | Noticed a bag of meat
    35 | D        | Noticed a meat berserker
    37 | D        | Killed a bag of meat
    37 | D        | Reached skill level 27 in Unarmed Combat
    37 | D        | Reached skill level 27 in Invocations
    38 | D        | Killed a destroyer
    38 | D        | Reached skill level 27 in Spellcasting
    39 | D        | Killed a meat berserker
    39 | D        | Killed a bag of meat
    39 | D        | Reached XP level 24. HP: 249/249 MP: 23/53
    41 | D        | Noticed a large bag of meat
    42 | D        | Noticed a destroyer
    42 | D        | Killed a nine-headed meat hydra
    42 | D        | Killed a bag of meat
    43 | D        | Killed a bag of meat
    43 | D        | Killed a destroyer
    43 | D        | Killed a destroyer
    43 | D        | Reached XP level 25. HP: 257/257 MP: 24/53
    46 | D        | Noticed a destroyer
    46 | D        | Noticed a destroyer
    46 | D        | Killed a bag of meat
    48 | D        | Noticed a destroyer
    48 | D        | Noticed a tyrant
    48 | D        | Killed a destroyer
    48 | D        | Killed a destroyer
    48 | D        | Reached XP level 26. HP: 266/266 MP: 25/53
    50 | D        | Noticed a meat berserker
    51 | D        | Killed a meat berserker
    52 | D        | Noticed a bag of meat
    53 | D        | Killed a tyrant
    53 | D        | Killed a destroyer
    57 | D        | Killed a bag of meat
    57 | D        | Reached XP level 27. HP: 273/273 MP: 28/53
    58 | D        | Noticed a meat berserker
    59 | D        | Killed a large bag of meat
    60 | D        | Noticed a meat berserker
    60 | D        | Noticed a sculptor of flesh
    61 | D        | Noticed a bag of meat
    62 | D        | Noticed a bag of meat
    62 | D        | Noticed a bag of meat
    63 | D        | Noticed a large bag of meat
    63 | D        | Killed a meat berserker
    65 | D        | Noticed a meat berserker
    65 | D        | Killed a meat berserker
    67 | D        | Noticed a bag of meat
    67 | D        | Noticed a tyrant
    67 | D        | Noticed a meat beast
    67 | D        | Killed a sculptor of flesh
    67 | D        | Killed a bag of meat
    69 | D        | Noticed a dread
    69 | D        | Killed a meat berserker
    69 | D        | Killed a large bag of meat
    69 | D        | Killed a bag of meat
    70 | D        | Killed a bag of meat
    71 | D        | Noticed a bag of meat
    71 | D        | Noticed a bag of meat
    71 | D        | Noticed a meat beast
    72 | D        | Noticed a meat berserker
    72 | D        | Killed a meat beast
    74 | D        | Killed a tyrant
    74 | D        | Killed a bag of meat
    75 | D        | Killed a meat beast
    76 | D        | Noticed a meat berserker
    76 | D        | Killed a dread
    78 | D        | Noticed a wretched soul
    78 | D        | Killed a meat berserker
    79 | D        | Noticed a meat berserker
    79 | D        | Noticed a meat berserker
    80 | D        | Noticed an eight-headed meat hydra
    80 | D        | Killed a bag of meat
    81 | D        | Noticed a destroyer
    81 | D        | Killed a meat berserker
    82 | D        | Noticed an accursed
    82 | D        | Noticed a dread
    82 | D        | Noticed a bag of meat
    83 | D        | Noticed a bag of meat
    83 | D        | Noticed a bag of meat
    83 | D        | Killed a bag of meat
    83 | D        | Killed a wretched soul
    83 | D        | Killed a meat berserker
    84 | D        | Noticed a bag of meat
    84 | D        | Noticed a wretched soul
    84 | D        | Noticed a meat berserker
    84 | D        | Killed a meat berserker
    85 | D        | Noticed a meat berserker
    85 | D        | Killed a destroyer
    86 | D        | Noticed a bag of meat
    87 | D        | Noticed a destroyer
    87 | D        | Killed a nine-headed meat hydra
    87 | D        | Killed a dread
    88 | D        | Killed a bag of meat
    89 | D        | Noticed a wretched soul
    89 | D        | Noticed a meat berserker
    89 | D        | Noticed a wretched soul
    90 | D        | Noticed a bag of meat
    90 | D        | Noticed a wretched soul
    90 | D        | Noticed a meat beast
    90 | D        | Killed a bag of meat
    91 | D        | Killed a meat berserker
    91 | D        | Killed a bag of meat
    92 | D        | Noticed an observer
    92 | D        | Noticed a dread
    92 | D        | Killed a bag of meat
    92 | D        | Killed a wretched soul
    93 | D        | Killed a meat berserker
    93 | D        | Killed an observer
    93 | D        | Killed an accursed
    94 | D        | Killed a destroyer
    94 | D        | Killed a meat berserker
    95 | D        | Noticed a bag of meat
    95 | D        | Noticed a sculptor of flesh
    95 | D        | Noticed a dread
    95 | D        | Noticed a dread
    95 | D        | Noticed a wretched soul
    96 | D        | Killed a wretched soul
    97 | D        | Noticed a meat berserker
    97 | D        | Killed a meat beast
    98 | D        | Killed a wretched soul
    99 | D        | Noticed a bag of meat
    99 | D        | Noticed a bag of meat
   100 | D        | Noticed a meat berserker
   100 | D        | Noticed a meat berserker
   101 | D        | Noticed a meat berserker
   101 | D        | Noticed a tyrant
   101 | D        | Killed a wretched soul
   102 | D        | Killed a meat berserker
   103 | D        | Killed a dread
   103 | D        | Killed a bag of meat
   104 | D        | Noticed an accursed
   104 | D        | Killed a meat berserker
   104 | D        | Killed a bag of meat
   105 | D        | Noticed a bag of meat
   105 | D        | Noticed a bag of meat
   105 | D        | Killed a bag of meat
   105 | D        | Noticed a bag of meat
   106 | D        | Noticed a bag of meat
   106 | D        | Killed a dread
   107 | D        | Noticed a bag of meat
   107 | D        | Noticed a bag of meat
   108 | D        | Noticed a bag of meat
   108 | D        | Killed a meat berserker
   109 | D        | Noticed an accursed
   109 | D        | Killed a wretched soul
   109 | D        | Killed a meat berserker
   110 | D        | Noticed a bag of meat
   110 | D        | Noticed a sculptor of flesh
   110 | D        | Noticed an accursed
   110 | D        | Killed a bag of meat
   112 | D        | Killed a bag of meat
   113 | D        | Noticed an accursed
   113 | D        | Noticed a dread
   113 | D        | Killed a tyrant
   114 | D        | Killed a sculptor of flesh
   114 | D        | Killed a bag of meat
   114 | D        | Killed a bag of meat
   115 | D        | Killed a bag of meat
   115 | D        | Killed a bag of meat
   116 | D        | Killed a bag of meat
   116 | D        | Killed an accursed
   117 | D        | Killed a bag of meat
   117 | D        | Killed a bag of meat
   118 | D        | Killed a bag of meat
   119 | D        | Killed a dread
   119 | D        | Killed an accursed
   121 | D        | Noticed a wretched soul
   123 | D        | Killed an accursed
   125 | D        | Killed an accursed
   126 | D        | Killed a sculptor of flesh
   128 | D        | Killed a dread
   129 | D        | Noticed an observer
   129 | D        | Killed a wretched soul
   131 | D        | Noticed a fleshlord
   131 | D        | Noticed a fleshlord
   133 | D        | Killed an observer
   135 | D        | Killed a fleshlord
   136 | D        | Noticed a fleshlord
   138 | D        | Killed a fleshlord
   139 | D        | Noticed a fleshlord
   139 | D        | Noticed a meat beast
   139 | D        | Killed a meat beast
   145 | D        | Noticed an observer
   146 | D        | Killed a fleshlord
   147 | D        | Killed a fleshlord
   149 | D        | Killed an observer
   150 | D        | Noticed a meat berserker
   152 | D        | Noticed a dread
   153 | D        | Killed a meat berserker
   154 | D        | Noticed a destroyer
   155 | D        | Noticed a wretched soul
   156 | D        | Noticed a meat beast
   156 | D        | Killed a dread
   157 | D        | Noticed a meat berserker
   157 | D        | Noticed a wretched soul
   157 | D        | Killed a meat berserker
   158 | D        | Killed a meat beast
   159 | D        | Noticed a meat beast
   159 | D        | Noticed an accursed
   160 | D        | Noticed a bag of meat
   160 | D        | Noticed a destroyer
   160 | D        | Killed a meat beast
   161 | D        | Noticed a fleshlord
   161 | D        | Killed a wretched soul
   162 | D        | Noticed a tyrant
   162 | D        | Killed a destroyer
   162 | D        | Killed a wretched soul
   163 | D        | Noticed a dread
   163 | D        | Killed a destroyer
   163 | D        | Killed a bag of meat
   164 | D        | Noticed a wretched soul
   164 | D        | Noticed a bag of meat
   164 | D        | Noticed a bag of meat
   164 | D        | Noticed a bag of meat
   164 | D        | Noticed a fleshlord
   165 | D        | Noticed a dread
   165 | D        | Killed an accursed
   165 | D        | Killed a tyrant
   166 | D        | Noticed a fleshlord
   166 | D        | Noticed a bag of meat
   167 | D        | Killed a dread
   167 | D        | Killed a bag of meat
   167 | D        | Killed a fleshlord
   168 | D        | Killed a dread
   168 | D        | Killed a fleshlord
   169 | D        | Noticed a fleshlord
   170 | D        | Noticed a sculptor of flesh
   170 | D        | Killed a fleshlord
   170 | D        | Killed a bag of meat
   171 | D        | Noticed an observer
   171 | D        | Killed a wretched soul
   172 | D        | Noticed an observer
   172 | D        | Killed a bag of meat
   173 | D        | Noticed a meat berserker
   174 | D        | Noticed a wretched soul
   174 | D        | Killed a bag of meat
   174 | D        | Killed a fleshlord
   174 | D        | Killed an observer
   175 | D        | Noticed a fleshlord
   175 | D        | Noticed a wretched soul
   175 | D        | Noticed a dread
   175 | D        | Noticed a dread
   175 | D        | Noticed an observer
   176 | D        | Killed a meat berserker
   177 | D        | Noticed a fleshlord
   177 | D        | Noticed a fleshlord
   177 | D        | Killed an observer
   177 | D        | Killed a sculptor of flesh
   177 | D        | Killed a dread
   178 | D        | Noticed an observer
   178 | D        | Killed a wretched soul
   179 | D        | Noticed a meat berserker
   179 | D        | Noticed an observer
   179 | D        | Killed a fleshlord
   179 | D        | Killed a wretched soul
   181 | D        | Noticed an accursed
   181 | D        | HP: 11/273 [observer (8)]
   181 | D        | Annihilated by a fleshlord

Vault maps used:
D:        meatsprint

Action                   |  1- 3 |  4- 6 |  7- 9 | 10-12 | 13-15 | 16-18 | 19-21 | 22-24 | 25-27 || total
-------------------------+-------+-------+-------+-------+-------+-------+-------+-------+-------++-------
Melee: Executioner's axe |     1 |       |       |       |     3 |     3 |     6 |     8 |    89 ||   110
Invok: Greater Servant o |       |       |       |       |       |       |       |       |     4 ||     4
